[Event "Titled Tuesday Blitz January 25 2022"]
[White "Farmani Anosheh, Armin"]
[Black "Leiva, Gianmarco"]
[WhiteFideId "24613240"]
[BlackFideId "3804399"]
[WhiteElo "2289"]
[BlackElo "2328"]
[Result "1/2-1/2"]
[Round "01"]
[TimeControl "180+1"]
[Date "2022.01.26"]
[WhiteClock "0:00:09"]
[BlackClock "0:00:12"]

1. d4 Nf6 2. c4 e6 3. Nf3 d5 4. g3 Be7 5. Bg2 O-O 6. O-O Nbd7 7. Qc2 c6 8. Nbd2 b6 9. e4 dxc4 10. Nxc4 Bb7 11. Rd1 c5 12. Nfe5 cxd4 13. Rxd4 Qc8 14. Nxd7 Nxd7 15. Qd1 Rd8 16. Nd6 Bxd6 17. Rxd6 Nc5 18. Rxd8+ Qxd8 19. Qxd8+ Rxd8 20. Bg5 f6 21. Be3 Nxe4 22. Bxe4 Bxe4 23. Kf1 Bf3 24. Ke1 g5 25. Rc1 Kf7 26. Bd2 Rd7 27. Rc3 g4 28. Rc8 e5 29. a3 h5 30. Rc3 Kg6 31. Rc1 h4 32. Rc3 h3 33. Rc1 Kf5 34. Rc3 Ke6 35. Rc1 a5 36. Rc8 Rd4 37. Rc1 Rd6 38. Rc3 f5 39. Rc2 Rd4 40. Rc3 Re4+ 41. Re3 Rd4 42. Rc3 b5 43. b4 axb4 44. axb4 Rxb4 45. Rc6+ Bxc6 46. Bxb4 Kd5 47. Kd2 Kc4 48. Bd6 Kd5 49. Bb8 Ke4 50. Kc3 Kf3 51. Bxe5 Kxf2 52. Kd2 Kg2 53. Ke3 Be4 54. Bc3 Kf1 55. Bd2 Bd5 56. Ba5 Be6 57. Bb4 Kg2 58. Ba5 Kxh2 59. Kf2 f4 60. Bc7 fxg3+ 61. Bxg3+ Kh1 62. Bd6 Bd5 63. Bb4 Kh2 64. Bd6+ Kh1 65. Bb4 h2 66. Bd6 Bc6 67. Be5 b4 68. Bd6 b3 69. Be5 Bd5 70. Bd4 Be6 71. Be5 g3+ 72. Kxg3 Kg1 73. Bd4+ Kf1 74. Kxh2 Ke2 75. Bh8 Kd3 76. Kg3 Bf5 77. Kf2 Bh7 78. Ke1 Kc2 79. Bg7 Bg8 80. Bh8 Kd3 81. Bg7 b2 82. Bxb2 1/2-1/2


[Site "https://www.chess.com"]

[Event "Titled Tuesday Blitz January 25 2022"]
[White "Fawzy, Adham"]
[Black "Mestnikov, Aisen"]
[WhiteFideId "10613129"]
[BlackFideId "34130117"]
[WhiteElo "2510"]
[BlackElo "2027"]
[Result "1-0"]
[Round "01"]
[TimeControl "180+1"]
[Date "2022.01.26"]
[WhiteClock "0:00:25"]
[BlackClock "0:00:23"]

1. e4 e5 2. Nf3 Nc6 3. d4 exd4 4. Bc4 Nf6 5. Ng5 d5 6. exd5 Na5 7. d6 Nxc4 8. Qe2+ Be7 9. Qxc4 Qxd6 10. Qxf7+ Kd8 11. Qxg7 Qe5+ 12. Be3 Rf8 13. Qxf8+ Bxf8 14. Nf7+ Ke7 15. Nxe5 dxe3 16. fxe3 Bh6 17. Ke2 Ng4 18. Nc4 b5 19. h3 bxc4 20. hxg4 Bxg4+ 21. Kf2 Bg7 22. Rxh7 Kf6 23. Nc3 Kg6 24. Rh4 Kg5 25. Ne4+ Kf5 26. Ng3+ Kg5 27. Ne4+ Kf5 28. Rxg4 Kxg4 29. Rb1 Rf8+ 30. Ke2 Rb8 31. b3 Re8 32. Nf2+ Kg3 33. bxc4 Bh6 34. Rb3 Kxg2 35. Rd3 Rf8 36. Ne4 Re8 37. Nc3 Rf8 38. Nd5 Rf2+ 39. Kd1 c6 40. Nb4 Kf3 41. Nxc6 Bxe3 42. Ne5+ Ke4 43. Rxe3+ Kf4 44. Re2 Rf1+ 45. Kd2 Ra1 46. Nd3+ Kf3 47. Re3+ Kg4 48. a3 Rxa3 49. Ne5+ Kf5 50. Rxa3 Kxe5 51. Rxa7 Kd4 52. Rc7 Ke5 53. Kc3 Kd6 54. Rh7 Kc6 55. Rh5 Kc7 56. Rd5 Kc8 57. Kd4 Kc7 58. c3 Kc6 59. c5 Kc7 60. Kc4 Kc8 61. Rd6 Kc7 62. Kd5 Kc8 63. c6 Kc7 64. Rd7+ Kb6 65. Rb7+ Ka5 66. Rb1 Ka4 67. c7 Ka3 68. c8=Q Ka2 69. Rb7 Ka1 70. c4 Ka2 71. c5 Ka3 72. c6 Ka4 73. c7 Ka5 74. Qb8 Ka6 75. c8=Q Ka5 76. Rb1 Ka4 77. Qcb7 Ka3 78. Q7a7# 1-0


[Site "https://www.chess.com"]

[Event "Titled Tuesday Blitz January 25 2022"]
[White "Fernandez, Michael"]
[Black "FGHSMN"]
[WhiteFideId "5803560"]
[WhiteElo "2110"]
[BlackElo "2727"]
[Result "0-1"]
[Round "01"]
[TimeControl "180+1"]
[Date "2022.01.26"]
[WhiteClock "0:00:04"]
[BlackClock "0:00:18"]

1. b4 e5 2. Bb2 Bxb4 3. Bxe5 Nf6 4. Nf3 Nc6 5. Bg3 d5 6. e3 O-O 7. Bb5 Ne7 8. O-O Nf5 9. Be5 Bd6 10. d4 Ne4 11. Bd3 f6 12. Bxd6 Nfxd6 13. Nbd2 Bg4 14. Be2 Nc3 15. Qe1 Nxe2+ 16. Qxe2 Ne4 17. Qd3 Bf5 18. Qb3 Rb8 19. Nxe4 Bxe4 20. Nd2 Bg6 21. c4 dxc4 22. Qxc4+ Bf7 23. Qc3 Qd7 24. Rfc1 c6 25. Ne4 Bd5 26. Ng3 Rfe8 27. Qd3 Qe6 28. a4 a5 29. Re1 f5 30. Qxf5 Qd6 31. Qg5 Kh8 32. e4 Be6 33. Rad1 Qb4 34. Nh5 Qe7 35. Qxa5 Ra8 36. Qe5 Bg4 37. Qxe7 Rxe7 38. Ng3 Bxd1 39. Rxd1 Rxa4 40. f4 Rd7 41. Ne2 c5 42. e5 cxd4 43. Nc3 Rc4 44. Ne4 d3 45. Nd6 Rxf4 46. Rxd3 Re7 47. Rc3 h6 48. Rc5 Kh7 49. g3 Rf8 50. Rb5 Rd8 51. Nxb7 Rd1+ 52. Kg2 Rd2+ 53. Kh3 Re2 54. Nd6 h5 55. Nc4 g5 56. Rb6 Rf7 57. Rf6 Rxf6 58. exf6 Kg6 59. Nd6 g4+ 60. Kh4 Rxh2# 0-1


[Site "https://www.chess.com"]

[Event "Titled Tuesday Blitz January 25 2022"]
[White "Gabdushev, Ruslan"]
[Black "Donchenko, Alexander"]
[WhiteFideId "4137833"]
[BlackFideId "24603295"]
[WhiteElo "2312"]
[BlackElo "2539"]
[Result "0-1"]
[Round "01"]
[TimeControl "180+1"]
[Date "2022.01.26"]
[WhiteClock "0:01:11"]
[BlackClock "0:02:01"]

1. b3 c5 2. Bb2 Nc6 3. e3 Nf6 4. f4 g6 5. Nf3 Bg7 6. Bb5 Qb6 7. a4 a6 8. Be2 O-O 9. O-O d6 10. Na3 Qc7 11. Nc4 Be6 12. Ng5 Bd5 13. Bf3 Bxf3 14. Qxf3 b5 15. Na3 Qb6 16. axb5 axb5 17. Qe2 Rfb8 18. f5 d5 19. fxg6 hxg6 20. Nf3 c4 21. Nd4 b4 22. Nab5 Rxa1 23. Bxa1 e5 24. Nxc6 Qxc6 25. Bxe5 Rxb5 26. Qf3 Rb6 27. Bd4 Ra6 28. g4 Qe6 29. h3 Ne4 0-1


[Site "https://www.chess.com"]

[Event "Titled Tuesday Blitz January 25 2022"]
[White "Gnechko, Ruslan"]
[Black "Ibrahimli, Murad"]
[WhiteFideId "14135868"]
[BlackFideId "13410229"]
[WhiteElo "2289"]
[BlackElo "2109"]
[Result "0-1"]
[Round "01"]
[TimeControl "180+1"]
[Date "2022.01.26"]
[WhiteClock "0:00:01"]
[BlackClock "0:01:32"]

1. Nf3 Nf6 2. g3 d5 3. d4 c6 4. Bg2 Bf5 5. O-O e6 6. b3 h6 7. Bb2 Nbd7 8. Nbd2 a5 9. a3 Be7 10. c4 O-O 11. Ne5 Bh7 12. Re1 Nxe5 13. dxe5 Nd7 14. e4 d4 15. f4 Nc5 16. Bf1 d3 17. b4 axb4 18. axb4 Qb6 19. bxc5 Bxc5+ 20. Kh1 Qxb2 21. Rb1 Qc2 22. Rxb7 Ra2 23. Qxc2 dxc2 24. Nb3 Ba3 25. Ra7 Rd8 26. Bd3 Rxd3 27. Ra8+ Bf8 28. Rxa2 Rd1 29. Ra1 Bxe4+ 30. Kg1 Bd3 31. Kf2 Bxc4 32. Na5 Bc5+ 33. Kf3 Bd5+ 34. Ke2 Rxa1 35. Rxa1 Ba3 36. Kd2 c1=Q+ 37. Rxc1 Bb4+ 0-1


[Site "https://www.chess.com"]

[Event "Titled Tuesday Blitz January 25 2022"]
[White "Goltseva, Ekaterina"]
[Black "Sviridov, Valery"]
[WhiteFideId "24173770"]
[BlackFideId "4120680"]
[WhiteElo "2140"]
[BlackElo "2454"]
[Result "0-1"]
[Round "01"]
[TimeControl "180+1"]
[Date "2022.01.26"]
[WhiteClock "0:00:03"]
[BlackClock "0:01:17"]

1. d4 g6 2. c4 Bg7 3. e4 d6 4. Nc3 e5 5. d5 f5 6. Bd3 Nf6 7. Bg5 O-O 8. Qc2 Na6 9. a3 Nc5 10. f3 h6 11. Bh4 g5 12. Bf2 fxe4 13. Nxe4 Nxd3+ 14. Qxd3 Nxe4 15. fxe4 Qf6 16. Be3 b5 17. cxb5 a6 18. b6 cxb6 19. Ne2 Bd7 20. Nc3 b5 21. Rf1 Qg6 22. O-O-O Rfc8 23. Kb1 a5 24. Na2 Rc4 25. Nc3 Rac8 26. Rc1 b4 27. axb4 axb4 28. Na2 Qxe4 29. Qxe4 Rxe4 30. Rxc8+ Bxc8 31. Bb6 Ba6 32. Rc1 Bd3+ 33. Ka1 b3 34. Nc3 Rc4 35. Rd1 e4 36. Ba5 Rc8 37. Bb4 Ra8+ 38. Ba3 Rxa3+ 39. bxa3 Bxc3# 0-1


[Site "https://www.chess.com"]

[Event "Titled Tuesday Blitz January 25 2022"]
[White "Hakobyan, Aram"]
[Black "Martin Duque, Jesus"]
[WhiteFideId "13306677"]
[BlackFideId "2208954"]
[WhiteElo "2557"]
[BlackElo "2243"]
[Result "1-0"]
[Round "01"]
[TimeControl "180+1"]
[Date "2022.01.26"]
[WhiteClock "0:01:18"]
[BlackClock "0:01:09"]

1. d4 Nf6 2. c4 b6 3. Nc3 Bb7 4. a3 e6 5. Nf3 d5 6. Bg5 Be7 7. Bxf6 Bxf6 8. Qa4+ c6 9. cxd5 exd5 10. Rd1 O-O 11. e3 a5 12. Bd3 Nd7 13. O-O Re8 14. Rfe1 Qc7 15. Qc2 g6 16. Nxd5 Qd6 17. Nxf6+ Nxf6 18. e4 Qf4 19. e5 Nd5 20. Re4 Qh6 21. Rh4 Qg7 22. Qc1 Rad8 23. Ng5 h6 24. Ne4 c5 25. Bc4 cxd4 26. Bxd5 Bxd5 27. Nf6+ Kf8 28. Nxe8 Rxe8 29. Rhxd4 Ba8 30. Rd8 Qxe5 31. Qxh6+ Ke7 32. Rxe8+ Kxe8 33. Qe3 Be4 34. f3 Qxb2 35. Qxe4+ 1-0


[Site "https://www.chess.com"]

[Event "Titled Tuesday Blitz January 25 2022"]
[White "Hamley, Ryan"]
[Black "Timofeev, Artyom"]
[WhiteFideId "30959497"]
[BlackFideId "4140419"]
[WhiteElo "2463"]
[BlackElo "2583"]
[Result "1/2-1/2"]
[Round "01"]
[TimeControl "180+1"]
[Date "2022.01.26"]
[WhiteClock "0:01:14"]
[BlackClock "0:00:54"]

1. d4 d5 2. Nf3 Nf6 3. Bf4 g6 4. e3 Bg7 5. Nbd2 O-O 6. h3 c5 7. c3 Nc6 8. Be2 Nd7 9. O-O e5 10. dxe5 Ndxe5 11. Nxe5 Nxe5 12. Nf3 Nc6 13. Qd2 h6 14. Rad1 Be6 15. Rfe1 Qb6 16. a4 Rfd8 17. Qc1 a6 18. Nd2 Rac8 19. e4 d4 20. Nc4 Bxc4 21. Bxc4 g5 22. Bg3 Ne5 23. Bd5 c4 24. Bxe5 Bxe5 25. cxd4 Bxd4 26. Re2 Kg7 27. h4 c3 28. bxc3 Rxc3 29. Qd2 Be5 30. hxg5 Rdc8 31. gxh6+ Qxh6 32. Qxh6+ Kxh6 1/2-1/2


[Site "https://www.chess.com"]

[Event "Titled Tuesday Blitz January 25 2022"]
[White "Harshavardhan G B"]
[Black "Bychkov, Vladimir"]
[WhiteFideId "25059009"]
[BlackFideId "24151513"]
[WhiteElo "1831"]
[BlackElo "2253"]
[Result "1-0"]
[Round "01"]
[TimeControl "180+1"]
[Date "2022.01.26"]
[WhiteClock "0:01:07"]
[BlackClock "0:00:40"]

1. d4 Nf6 2. Nf3 g6 3. Bg5 Ne4 4. Bf4 d5 5. e3 Bg7 6. Bd3 O-O 7. O-O b6 8. c4 Bb7 9. Nc3 Nxc3 10. bxc3 dxc4 11. Bxc4 c5 12. Rb1 Nd7 13. Re1 Rc8 14. Bd3 Nf6 15. e4 Nh5 16. Be3 Qc7 17. Qd2 Rfd8 18. d5 c4 19. Bc2 Nf6 20. Bd4 Nd7 21. h4 Nc5 22. h5 e5 23. Be3 Ba6 24. Bh6 f6 25. hxg6 hxg6 26. Bxg7 Qxg7 27. g3 Kf7 28. Kg2 Rh8 29. a4 Qh6 30. Qxh6 Rxh6 31. a5 b5 32. Nh4 Rch8 33. Rf1 g5 34. Nf5 Rh2+ 35. Kf3 Bc8 36. Nd6+ Ke7 37. Nxc8+ Rxc8 38. Rxb5 Nd3 39. Ke3 g4 40. Bxd3 cxd3 41. Kxd3 f5 42. exf5 Kf6 43. Rb7 Kxf5 44. Rf7+ Kg6 45. Rxa7 e4+ 46. Kd4 Rf8 47. c4 Rhxf2 48. Rxf2 Rxf2 49. Kxe4 1-0


[Site "https://www.chess.com"]

[Event "Titled Tuesday Blitz January 25 2022"]
[White "Hess, Robert"]
[Black "Koutlas, Nikolaos"]
[WhiteFideId "2022036"]
[BlackFideId "25827138"]
[WhiteElo "2557"]
[BlackElo "1610"]
[Result "1-0"]
[Round "01"]
[TimeControl "180+1"]
[Date "2022.01.26"]
[WhiteClock "0:00:47"]
[BlackClock "0:00:02"]

1. g3 g6 2. Bg2 Bg7 3. e3 c5 4. Ne2 Nc6 5. h3 d5 6. d3 Nf6 7. Nd2 O-O 8. b3 e5 9. Bb2 d4 10. Bxc6 bxc6 11. e4 Be6 12. Nf3 Nd5 13. exd5 Bxd5 14. Neg1 f5 15. Rh2 e4 16. Nd2 Qe7 17. Qe2 Rae8 18. O-O-O e3 19. fxe3 dxe3 20. Nc4 Bxc4 21. dxc4 Rd8 22. Rd3 Bxb2+ 23. Kxb2 Qe5+ 24. Rc3 Rd3 1-0


[Site "https://www.chess.com"]

[Event "Titled Tuesday Blitz January 25 2022"]
[White "Howell, David W L"]
[Black "Rozhkov, Viacheslav"]
[WhiteFideId "410608"]
[BlackFideId "4181484"]
[WhiteElo "2559"]
[BlackElo "2324"]
[Result "1-0"]
[Round "01"]
[TimeControl "180+1"]
[Date "2022.01.26"]
[WhiteClock "0:00:14"]
[BlackClock "0:00:17"]

1. Nc3 d5 2. e3 e6 3. d4 f5 4. Bd3 Nf6 5. Nf3 Bd6 6. O-O O-O 7. b3 Ne4 8. Nb5 a6 9. Nxd6 cxd6 10. c4 dxc4 11. bxc4 Nc6 12. Ba3 Rf6 13. Qc2 d5 14. Rab1 Rg6 15. Rfc1 Rb8 16. Qe2 Qa5 17. Rb3 Bd7 18. cxd5 exd5 19. Ne5 Nxe5 20. dxe5 Bc6 21. f3 Nd2 22. Rc5 Nxf3+ 23. Qxf3 Qe1+ 24. Bf1 d4 25. Rxc6 Rxc6 26. exd4 Qd2 27. Qd3 Qxd3 28. Bxd3 b5 29. Bxf5 Rd8 30. Bb2 g6 31. Be4 Rc4 32. h3 Kf7 33. Bf3 Ke6 34. Kh2 h5 35. Re3 Kf5 36. d5 Rc2 37. Be4+ Kf4 38. Bxc2 Kxe3 39. e6 Rxd5 40. e7 Re5 41. Bxe5 1-0


[Site "https://www.chess.com"]

[Event "Titled Tuesday Blitz January 25 2022"]
[White "Idrisov, Ildar F"]
[Black "Daneshvar, Bardiya"]
[WhiteFideId "4151020"]
[BlackFideId "12576468"]
[WhiteElo "2209"]
[BlackElo "2295"]
[Result "1-0"]
[Round "01"]
[TimeControl "180+1"]
[Date "2022.01.26"]
[WhiteClock "0:00:01"]
[BlackClock "0:00:08"]

1. Nf3 d5 2. b3 c6 3. Bb2 Bf5 4. e3 e6 5. d4 Nf6 6. Bd3 Bxd3 7. Qxd3 Nbd7 8. Nbd2 a5 9. a3 a4 10. b4 b5 11. O-O Bd6 12. Ne5 Qc7 13. f4 Nb6 14. Rae1 Nc4 15. Bc1 Nxd2 16. Bxd2 Bxe5 17. dxe5 Ne4 18. Bc3 O-O-O 19. Bd4 Qd7 20. Bb6 Rde8 21. Qd4 Kb7 22. Ba5 Ka8 23. Qb6 Qb7 24. Qd4 Rb8 25. f5 Rhf8 26. Rf4 Qa7 27. Rxe4 dxe4 28. Qxe4 Kb7 29. Rd1 Qa8 30. Rd6 Rfc8 31. Rd7+ Ka6 32. Rxf7 c5 33. Qxa8+ Rxa8 34. fxe6 Rc6 35. e7 Re8 36. Rxg7 Re6 37. Rxh7 R8xe7 38. Rxe7 Rxe7 39. Kf2 Rxe5 40. g4 Re4 41. Kf3 Rc4 42. g5 cxb4 43. Bxb4 Rxb4 44. axb4 a3 45. g6 a2 46. g7 a1=Q 47. g8=Q Qf1+ 48. Ke4 Qh1+ 49. Kd4 Qxh2 50. Qe6+ Kb7 51. Qd7+ Kb6 52. Qe6+ Kb7 53. Qd5+ Ka6 54. Qc6+ Ka7 55. Qc5+ Ka6 56. Qc6+ Ka7 57. Qxb5 Qxc2 58. Qc5+ 1-0


[Site "https://www.chess.com"]

[Event "Titled Tuesday Blitz January 25 2022"]
[White "Jacobson, Aaron"]
[Black "Seliverstov, Vladimir"]
[WhiteFideId "2089912"]
[BlackFideId "4192036"]
[WhiteElo "2265"]
[BlackElo "2489"]
[Result "1-0"]
[Round "01"]
[TimeControl "180+1"]
[Date "2022.01.26"]
[WhiteClock "0:02:19"]
[BlackClock "0:01:14"]

1. e4 g6 2. d4 Bg7 3. Nc3 d6 4. f4 a6 5. Nf3 b5 6. Bd3 Nd7 7. e5 c5 8. Be4 Rb8 9. O-O cxd4 10. Nxd4 dxe5 11. Nc6 Qb6+ 12. Kh1 Ngf6 13. Nxb8 Qxb8 14. fxe5 Nxe5 15. Bf4 O-O 16. Qe1 Nxe4 17. Qxe4 Bb7 18. Qe2 Rc8 19. Rae1 Rc5 20. Qf2 Rc8 21. Bxe5 Bxe5 22. Qxf7+ Kh8 23. Qxe7 Bg7 24. Rf7 1-0


[Site "https://www.chess.com"]

[Event "Titled Tuesday Blitz January 25 2022"]
[White "Jeet, Jain"]
[Black "Izoria, Zviad"]
[WhiteFideId "5073022"]
[BlackFideId "13601733"]
[WhiteElo "2085"]
[BlackElo "2626"]
[Result "0-1"]
[Round "01"]
[TimeControl "180+1"]
[Date "2022.01.26"]
[WhiteClock "0:01:08"]
[BlackClock "0:01:00"]

1. e4 c6 2. d4 d5 3. e5 Bf5 4. h4 Qc7 5. Nc3 h5 6. Bd3 Bxd3 7. Qxd3 e6 8. f4 Nh6 9. Be3 Nf5 10. Bf2 c5 11. Nf3 cxd4 12. Nxd4 Nxd4 13. Bxd4 Nc6 14. Ne2 Nb4 15. Qb5+ Qc6 16. Qxc6+ bxc6 17. Kd2 c5 18. Bf2 g6 19. c3 Nc6 20. a3 a5 21. Rhb1 a4 22. Nc1 Be7 23. b4 axb3 24. Nxb3 c4 25. Nd4 Nxd4 26. Bxd4 Bxh4 27. a4 Bd8 28. Bc5 Kd7 29. Rb5 Ra5 30. Bd4 Bc7 31. Rxa5 Bxa5 32. Rb1 Kc6 33. Rb5 Ra8 34. Rc5+ Kd7 35. Rb5 Bc7 36. Rb4 Kc6 37. Kc2 Rg8 38. Rb5 g5 39. g3 gxf4 40. gxf4 h4 41. Rb1 Rg2+ 42. Kc1 h3 0-1


[Site "https://www.chess.com"]

[Event "Titled Tuesday Blitz January 25 2022"]
[White "Jobava, Baadur"]
[Black "Gerasimenyuk, Mikhail"]
[WhiteFideId "13601520"]
[BlackFideId "14111845"]
[WhiteElo "2617"]
[BlackElo "2181"]
[Result "1-0"]
[Round "01"]
[TimeControl "180+1"]
[Date "2022.01.26"]
[WhiteClock "0:01:12"]
[BlackClock "0:00:08"]

1. d4 Nf6 2. Nc3 d6 3. e4 c6 4. f4 b5 5. Bd3 b4 6. Nce2 e5 7. Nf3 Nbd7 8. O-O Be7 9. Kh1 Ng4 10. h3 h5 11. Kg1 Qb6 12. hxg4 hxg4 13. Nd2 d5 14. c3 c5 15. exd5 Qh6 16. dxe5 Nxe5 17. Bb5+ Kf8 18. fxe5 Qh2+ 19. Kf2 Bf5 20. Rg1 Bh4+ 21. Kf1 Qxe5 22. Nc4 Qf6 23. Bf4 g5 24. Be5 1-0


[Site "https://www.chess.com"]

[Event "Titled Tuesday Blitz January 25 2022"]
[White "Karas, Marek"]
[Black "Demchenko, Anton"]
[WhiteFideId "14928558"]
[BlackFideId "4160258"]
[WhiteElo "2270"]
[BlackElo "2539"]
[Result "0-1"]
[Round "01"]
[TimeControl "180+1"]
[Date "2022.01.26"]
[WhiteClock "0:00:09"]
[BlackClock "0:00:36"]

1. d4 Nf6 2. Nf3 g6 3. c4 Bg7 4. Nc3 O-O 5. Bg5 c5 6. e3 cxd4 7. exd4 d5 8. Bxf6 exf6 9. Nxd5 Bg4 10. Be2 Nc6 11. O-O f5 12. Ne3 Bxf3 13. Bxf3 Nxd4 14. Bd5 Rb8 15. Rb1 b5 16. b3 Qa5 17. Nc2 Ne6 18. Bxe6 fxe6 19. Qd7 Rfe8 20. cxb5 Qxb5 21. Qxb5 Rxb5 22. Ne3 Bd4 23. Nc4 Rd5 24. Rfe1 Kf7 25. Re2 e5 26. g3 Red8 27. Kg2 e4 28. Rd1 Bc5 29. Red2 Rxd2 30. Rxd2 Rxd2 31. Nxd2 Ke6 32. Kf1 Kd5 33. Ke2 Kd4 34. Nb1 g5 35. a3 a5 36. b4 axb4 37. axb4 Bxb4 38. h3 h6 39. Nd2 Bxd2 40. Kxd2 f4 41. Ke2 Kc3 42. Ke1 Kd3 43. Kd1 e3 44. fxe3 fxg3 0-1


[Site "https://www.chess.com"]

[Event "Titled Tuesday Blitz January 25 2022"]
[White "Kashefi, Amir Hosein"]
[Black "Chigaev, Maksim"]
[WhiteFideId "12557935"]
[BlackFideId "4108116"]
[WhiteElo "2098"]
[BlackElo "2502"]
[Result "1-0"]
[Round "01"]
[TimeControl "180+1"]
[Date "2022.01.26"]
[WhiteClock "0:00:05"]
[BlackClock "0:02:37"]

1. d4 Nf6 2. Nf3 g6 3. g3 Bg7 4. Bg2 O-O 5. O-O d6 6. b3 e5 7. Bb2 e4 8. Ne1 e3 9. f3 Re8 10. c4 h5 11. Nd3 Nc6 12. d5 Ne7 13. Qc1 Nf5 14. Nc3 a5 15. Ne4 a4 16. Qc2 h4 17. g4 Nxe4 18. fxe4 Nd4 19. Bxd4 Bxd4 20. h3 axb3 21. Qxb3 Bxa1 22. Rxa1 b6 23. e5 dxe5 24. d6 e4 25. dxc7 Qxc7 26. Nb4 Qg3 27. Nd5 Bxg4 28. Nf6+ Kf8 29. Nxg4 f5 30. Rf1 Qd6 31. Nxe3 Ra3 32. Nxf5 Qc5+ 33. Nd4+ Ke7 34. Qb2 Rd8 35. e3 Rxe3 36. Nc6+ Kd6 37. Qf6+ Kc7 38. Qxd8+ Kb7 39. Qb8+ Kxc6 40. Qc8+ Kd6 41. Qxc5+ Kxc5 42. Rf4 Rg3 43. Rxh4 e3 44. Kf1 e2+ 45. Kxe2 Rxg2+ 46. Kd3 Rxa2 47. Rg4 1-0


[Site "https://www.chess.com"]

[Event "Titled Tuesday Blitz January 25 2022"]
[White "Kirillov-Dmitry"]
[Black "Zakhartsov, Vladimir"]
[BlackFideId "4145097"]
[WhiteElo "2474"]
[BlackElo "2432"]
[Result "0-1"]
[Round "01"]
[TimeControl "180+1"]
[Date "2022.01.26"]
[WhiteClock "0:00:05"]
[BlackClock "0:00:27"]

1. d4 Nf6 2. c4 e6 3. Nf3 c5 4. e3 cxd4 5. exd4 b6 6. Nc3 Bb7 7. Bd3 Bb4 8. O-O Bxc3 9. bxc3 d6 10. Ba3 Qc7 11. Qe2 O-O 12. Nd2 Nbd7 13. Rfe1 Rfe8 14. Rad1 h6 15. Nb3 e5 16. Qc2 Qc6 17. Bf1 Ba6 18. Nd2 Rac8 19. Qb3 Bb7 20. Qb4 d5 21. cxd5 Nxd5 22. Qb5 Nxc3 23. Qxc6 Bxc6 24. Rc1 exd4 25. Rxe8+ Rxe8 26. Nb3 Ne2+ 27. Bxe2 Rxe2 28. Bb4 Bd5 29. Nxd4 Rxa2 30. h3 a5 31. Bd6 Rd2 32. Nb5 Be6 33. Rc8+ Kh7 34. Rc1 Rd5 35. Rb1 Bf5 36. Rb2 Bd3 0-1


[Site "https://www.chess.com"]

[Event "Titled Tuesday Blitz January 25 2022"]
[White "Klimkowski, Jan"]
[Black "Kahlert, Thomas"]
[WhiteFideId "21856222"]
[BlackFideId "4625242"]
[WhiteElo "2172"]
[BlackElo "2228"]
[Result "1-0"]
[Round "01"]
[TimeControl "180+1"]
[Date "2022.01.26"]
[WhiteClock "0:01:50"]
[BlackClock "0:01:30"]

1. e4 e5 2. Nf3 Nc6 3. Bb5 a6 4. Ba4 Nf6 5. O-O Be7 6. Re1 b5 7. Bb3 d6 8. c3 O-O 9. h3 Na5 10. Bc2 c5 11. d4 Qc7 12. Nbd2 cxd4 13. cxd4 Bd7 14. b3 Rac8 15. b4 Qxc2 16. bxa5 Bd8 17. Ba3 Bxa5 18. Bxd6 Rfd8 19. Bxe5 Ne8 20. Rc1 Qxa2 21. Ra1 1-0


[Site "https://www.chess.com"]

[Event "Titled Tuesday Blitz January 25 2022"]
[White "Korchmar, Vasiliy"]
[Black "Seletsky, Grigory"]
[WhiteFideId "24131750"]
[BlackFideId "14112191"]
[WhiteElo "2370"]
[BlackElo "2492"]
[Result "0-1"]
[Round "01"]
[TimeControl "180+1"]
[Date "2022.01.26"]
[WhiteClock "0:00:01"]
[BlackClock "0:00:06"]

1. d4 d5 2. Bf4 c5 3. e3 cxd4 4. exd4 Nc6 5. Nf3 Bg4 6. Nbd2 e6 7. c4 Nf6 8. c5 Ne4 9. Bb5 a6 10. Bxc6+ bxc6 11. Qa4 Rc8 12. Nxe4 dxe4 13. Ne5 Bf5 14. Nc4 Be7 15. Nb6 O-O 16. Nxc8 Qxc8 17. O-O Rd8 18. Rfd1 h6 19. Rac1 Rd5 20. Rc3 Kh7 21. Ra3 Qd8 22. Qxc6 Rxc5 23. Qxa6 Rc2 24. Rb3 Bg5 25. Bxg5 Qxg5 26. Qf1 Bg4 27. Re1 f5 28. a4 Bf3 29. Kh1 Bh5 30. a5 f4 31. a6 f3 32. a7 Rc8 33. g3 Ra8 34. Ra3 Qf5 35. Ree3 Bg4 36. Qb1 Qh5 37. Rxe4 Bf5 38. Qe1 Rxa7 0-1


[Site "https://www.chess.com"]

[Event "Titled Tuesday Blitz January 25 2022"]
[White "Krzywda, Andrzej"]
[Black "Holt, Conrad"]
[WhiteFideId "1114565"]
[BlackFideId "2034387"]
[WhiteElo "2098"]
[BlackElo "2586"]
[Result "1-0"]
[Round "01"]
[TimeControl "180+1"]
[Date "2022.01.26"]
[WhiteClock "0:00:03"]
[BlackClock "0:00:03"]

1. d4 d5 2. Nf3 Nf6 3. g3 Bf5 4. Bg2 e6 5. c4 c6 6. Nc3 Nbd7 7. O-O dxc4 8. Nh4 Bg4 9. h3 Bh5 10. Qc2 Nb6 11. Rd1 Nfd5 12. Ne4 Be7 13. Nf3 Nb4 14. Qd2 O-O 15. Ne5 f6 16. Nf3 Bg6 17. Ne1 e5 18. dxe5 fxe5 19. a3 Qxd2 20. Bxd2 N4d5 21. Rac1 Na4 22. Rc2 Rad8 23. Bc1 b5 24. Rcd2 Bxe4 25. Bxe4 c3 26. Rc2 cxb2 27. Bxb2 Nxb2 28. Rxb2 Nc3 29. Rxd8 Rxd8 30. Bxc6 Rd1 31. Kf1 Bxa3 32. Rc2 b4 33. f3 Bc1 34. Kf2 Be3+ 35. Kxe3 Rxe1 36. Rb2 a5 37. f4 exf4+ 38. gxf4 Rd1 39. f5 Rd6 40. Bf3 Kf7 41. Kf4 Rb6 42. e4 a4 43. e5 a3 44. e6+ Kf8 45. Rd2 a2 46. Rd8+ Ke7 47. Rd7+ Ke8 48. Bh5+ g6 49. fxg6 hxg6 50. Bxg6+ Kf8 51. e7+ Kg7 52. e8=Q+ Kh6 53. Rh7# 1-0


[Site "https://www.chess.com"]

[Event "Titled Tuesday Blitz January 25 2022"]
[White "Kucuksari, Kaan"]
[Black "Kazarian, Anna-Maja"]
[WhiteFideId "6380166"]
[BlackFideId "1033689"]
[WhiteElo "2305"]
[BlackElo "2004"]
[Result "1-0"]
[Round "01"]
[TimeControl "180+1"]
[Date "2022.01.26"]
[WhiteClock "0:01:26"]
[BlackClock "0:00:13"]

1. d4 d5 2. c4 e6 3. Nf3 Nf6 4. g3 Bb4+ 5. Bd2 Be7 6. Bg2 O-O 7. O-O c6 8. Qc2 Nbd7 9. Bf4 Ne4 10. Nfd2 f5 11. Nxe4 fxe4 12. f3 exf3 13. Bxf3 Nf6 14. Nd2 Bd6 15. Bxd6 Qxd6 16. c5 Qe7 17. e4 e5 18. Rae1 exd4 19. exd5 Qd7 20. d6 Qh3 21. Qc4+ Kh8 22. Qxd4 Bg4 23. Bg2 Qh5 24. Re7 Rae8 25. Ne4 Qg6 26. Nxf6 Rxf6 27. Rxf6 gxf6 28. Be4 Qh6 29. Rxe8+ 1-0


[Site "https://www.chess.com"]

[Event "Titled Tuesday Blitz January 25 2022"]
[White "Kukhmazov, Arsen"]
[Black "Osmak, Yuliia"]
[WhiteFideId "24108260"]
[BlackFideId "14101602"]
[WhiteElo "2487"]
[BlackElo "2302"]
[Result "0-1"]
[Round "01"]
[TimeControl "180+1"]
[Date "2022.01.26"]
[WhiteClock "0:00:07"]
[BlackClock "0:00:08"]

1. b3 d5 2. Bb2 Nf6 3. f4 Bf5 4. Nf3 e6 5. e3 Nbd7 6. a4 Bd6 7. Be2 O-O 8. O-O h6 9. Ne5 c5 10. d3 Qc7 11. Nxd7 Nxd7 12. Bf3 Bh7 13. g3 c4 14. Nc3 cxd3 15. cxd3 Qb6 16. d4 Nf6 17. Nb5 Bb4 18. Rc1 Rac8 19. Qe2 a6 20. Nc3 Bxc3 21. Bxc3 Qxb3 22. Qb2 Qxb2 23. Bxb2 Bd3 24. Rfe1 b5 25. Ba3 Rfe8 26. a5 Rc4 27. Red1 Bc2 28. Rd2 Rec8 29. Bc5 Be4 30. Rxc4 bxc4 31. Bd1 Rb8 32. Bb6 c3 33. Ra2 Bd3 34. Bc2 Bxc2 35. Rxc2 Ne4 36. Kf1 Rc8 37. Ke2 Rc4 38. Kd3 Ra4 39. Bc7 f6 40. Bb6 Ra1 41. Ke2 Rh1 42. Kd3 Rd1+ 43. Ke2 Ra1 44. Kd3 Kf7 45. Ke2 h5 46. Kf3 Kg6 47. h3 Rf1+ 48. Kg2 Rd1 49. Kf3 Rd2 50. Rxd2 Nxd2+ 51. Ke2 Ne4 52. g4 hxg4 53. hxg4 c2 0-1


[Site "https://www.chess.com"]